Map: Prion Terraces

Players

ILLBdA

  • Race: Protoss Protoss
  • League: Diamond

hautciel - Winner!

  • Race: Terran Terran
  • League: Diamond

VOD

Have the link to the VOD?

Description

Time

  • Played on: Dec. 13, 2015, 6:32 a.m.
  • Length: 4:27
Show
View Real Time Build Order
Export as new Build Order

ILLBdA Protoss 

Build Orders:  

Get SALT Encoding   

  12  0:01  Probe (Chrono Boost)  
  13  0:11  Probe (Chrono Boost)  
  14  0:18  Pylon  
  14  0:23  Probe (Chrono Boost)  
  15  0:37  Pylon  
  15  0:38  Probe (Chrono Boost)  
  16  0:49  Probe (Chrono Boost)  
  17  0:56  Gateway  
  17  1:01  Gateway  
  17  1:07  Assimilator  
  17  1:09  Probe (Chrono Boost)  
  18  1:19  Probe (Chrono Boost)  
  19  1:30  Probe (Chrono Boost)  
  20  1:40  Probe (Chrono Boost)  
  20  1:42  Cybernetics Core  
  20  1:43  Zealot (Chrono Boost)  
  23  1:52  Zealot (Chrono Boost)  
  25  1:55  Gateway  
  27  2:09  Zealot (Chrono Boost)  
  27  2:12  Pylon  
  29  2:16  Zealot (Chrono Boost)  
  29  2:36  Adept (Chrono Boost)  
  31  2:40  Adept (Chrono Boost)  
  22  3:03  Adept (Chrono Boost)  
Show
View Real Time Build Order
Export as new Build Order

hautciel Terran - Winner!

Build Orders:  

Get SALT Encoding   

  12  0:01  SCV  
  13  0:13  SCV  
  14  0:20  Supply Depot  
  14  0:25  SCV  
  15  0:44  Barracks  
  15  0:48  Refinery  
  15  0:51  SCV  
  16  1:03  Barracks  
  16  1:15  SCV  
  17  1:32  Barracks Tech Lab  
  17  1:36  SCV  
  18  1:44  Supply Depot  
  18  1:51  Marauder  
  18  1:52  Marine  
  21  2:01  Bunker  
  21  2:10  SCV  
  21  2:13  Supply Depot  
  24  2:15  Marauder  
  24  2:19  Marine  
  25  2:29  Bunker  
  23  2:44  Marine x2  
  15  3:44  Supply Depot  
  15  3:48  Marine  
  14  4:06  Marine  
Tags
 
Matchup
PvT
Replay Pack
me
Add a new tag
Caveats
  • Supply blocks, unpowered buildings, or Contaminate may cause inaccurate times.
  • Supply counts are checked every 10 seconds.